BSA
BOSTON REBELS @ SO CAL HENVY
07/24/2027
 
TOP OF THE 1ST
Boston Rebels batting - Pitching for So Cal Henvy : LHP Ramiro Jiménez
Pitching: LHP Ramiro Jiménez
Batting: RHB Aaron Washington 0-0: Called Strike
0-1: Foul Ball, location: 2F
0-2: Fly out, F8 (Flyball, 8RM)
Batting: LHB Bill Wilson 0-0: Ball
1-0: Ball
2-0: Foul Ball, location: 2F
2-1: Foul Ball, location: 2F
2-2: Strikes out swinging
Batting: LHB Bill Wilson 0-0: Called Strike
0-1: Swinging Strike
0-2: Ball
1-2: DOUBLE (Line Drive, 7LD)
Batting: LHB Miguel Rivería 0-0: Ball
1-0: Foul Ball, location: 2F
1-1: Foul Ball, location: 2F
1-2: Ball
2-2: Ball
3-2: Ground out 3-1 (Groundball, 34S)
Top of the 1st over - 0 run(s), 1 hit(s), 0 error(s), 1 left on base; Boston 0 - So Cal 0
BOTTOM OF THE 1ST
So Cal Henvy batting - Pitching for Boston Rebels : RHP Ki-tong Shiu
Pitching: RHP Ki-tong Shiu
Batting: RHB Greg Handrahan 0-0: Swinging Strike
0-1: Swinging Strike
0-2: Ball
1-2: Strikes out swinging
Batting: RHB William Richardson 0-0: Called Strike
0-1: Ball
1-1: Ball
2-1: Foul Ball, location: 2F
2-2: Ball
3-2: DOUBLE (Flyball, 8LXD)
Batting: LHB César Valentín 0-0: Fly out, F3 (Popup, 3D)
Batting: RHB Earl Wiggins 0-0: Ball
1-0: Ball
2-0: Foul Ball, location: 2F
2-1: Ground out 6-3 (Groundball, 6)
Bottom of the 1st over - 0 run(s), 1 hit(s), 0 error(s), 1 left on base; Boston 0 - So Cal 0
TOP OF THE 2ND
Boston Rebels batting - Pitching for So Cal Henvy : LHP Ramiro Jiménez
Batting: RHB Pedro Rodríguez 0-0: Ball
1-0: Ball
2-0: Ball
3-0: Base on Balls
Batting: LHB Arturo Molina 0-0: Ball
1-0: Foul Ball, location: 2F
1-1: Ball
2-1: Called Strike
2-2: Foul Ball, location: 2F
2-2: Ball
3-2: Foul Ball, location: 2F
3-2: Fly out, F7 (Flyball, 78S)
Batting: LHB Sergio Barrón 0-0: Ball
1-0: Foul Ball, location: 2F
1-1: Ball
2-1: Foul Ball, location: 2F
2-2: Foul Ball, location: 2F
2-2: DOUBLE (Line Drive, 7LD)
Pedro Rodríguez to third
Batting: RHB Gerardo Escobedo 0-0: Ground out 5-3 (Groundball, 5)
Batting: RHB Alberto Ramos 0-0: Called Strike
0-1: Called Strike
0-2: Ball
1-2: Foul Ball, location: 2F
1-2: SINGLE (Flyball, 8LS)
Pedro Rodríguez scores
Sergio Barrón to third
Batting: RHB Aaron Washington 0-0: Swinging Strike
0-1: Ball
1-1: Foul Ball, location: 2F
1-2: Fly out, F8 (Flyball, 8RM)
Top of the 2nd over - 1 run(s), 2 hit(s), 0 error(s), 2 left on base; Boston 1 - So Cal 0
BOTTOM OF THE 2ND
So Cal Henvy batting - Pitching for Boston Rebels : RHP Ki-tong Shiu
Batting: LHB José Antonio Santiago 0-0: Ball
1-0: Swinging Strike
1-1: Ball
2-1: Ball
3-1: Foul Ball, location: 2F
3-2: Base on Balls
Batting: RHB Rubén Calderón 0-0: Called Strike
0-1: SINGLE (Groundball, 4MD)
José Antonio Santiago to second
Batting: LHB Jeff Carter 0-0: Ball
1-0: Ball
2-0: Called Strike
2-1: Ball
3-1: Foul Ball, location: 2F
3-2: Base on Balls
José Antonio Santiago to third
Rubén Calderón to second
Batting: RHB Lawrence Schroeder 0-0: Foul Ball, location: 2F
0-1: Called Strike
0-2: Strikes out looking
Batting: LHB Doyle Otterburn 0-0: Grounds into double play, 3-6-1 (Groundball, 34)
Bottom of the 2nd over - 0 run(s), 1 hit(s), 0 error(s), 2 left on base; Boston 1 - So Cal 0
TOP OF THE 3RD
Boston Rebels batting - Pitching for So Cal Henvy : LHP Ramiro Jiménez
Batting: LHB Bill Wilson 0-0: Ball
1-0: Bunted foul
1-1: SINGLE (Popup, 3D)
Batting: LHB Bill Wilson 0-0: Ball
1-0: Called Strike
1-1: Ball
2-1: Called Strike
2-2: Strikes out looking
Batting: LHB Miguel Rivería 0-0: Fly out, F2 (Popup, 23)
Batting: RHB Pedro Rodríguez 0-0: Ball
1-0: Called Strike
1-1: Foul Ball, location: 2F
1-2: Fly out, F8 (Flyball, 8RM)
Top of the 3rd over - 0 run(s), 1 hit(s), 0 error(s), 1 left on base; Boston 1 - So Cal 0
BOTTOM OF THE 3RD
So Cal Henvy batting - Pitching for Boston Rebels : RHP Ki-tong Shiu
Batting: RHB Greg Handrahan 0-0: Ball
1-0: Ball
2-0: Swinging Strike
2-1: Ball
3-1: Base on Balls
Batting: RHB William Richardson 0-0: Ball
1-0: Ball
2-0: Foul Ball, location: 2F
2-1: Called Strike
2-2: Ball
3-2: Ground out 5-3 (Groundball, 56S)
Greg Handrahan to second
Batting: LHB César Valentín 0-0: Foul Ball, location: 2F
0-1: Foul Ball, location: 2F
0-2: Foul Ball, location: 2F
0-2: Ball
1-2: SINGLE (Flyball, 89S)
Greg Handrahan to third
Runner from 3rd tries for Home, SAFE, throw made home
César Valentín to second
Batting: RHB Earl Wiggins 0-0: Ground out 5-3 (Groundball, 56S)
César Valentín to third
Batting: LHB José Antonio Santiago 0-0: Ball
1-0: DOUBLE (Line Drive, 89XD)
César Valentín scores
Batting: RHB Rubén Calderón 0-0: Foul Ball, location: 2F
0-1: Called Strike
0-2: Ground out 5-3 (Groundball, 5)
Bottom of the 3rd over - 2 run(s), 2 hit(s), 0 error(s), 1 left on base; Boston 1 - So Cal 2
TOP OF THE 4TH
Boston Rebels batting - Pitching for So Cal Henvy : LHP Ramiro Jiménez
Batting: LHB Arturo Molina 0-0: Called Strike
0-1: Ball
1-1: Foul Ball, location: 2F
1-2: Strikes out swinging
Batting: LHB Sergio Barrón 0-0: Ball
1-0: Ball
2-0: Swinging Strike
2-1: Swinging Strike
2-2: Strikes out swinging
Batting: RHB Gerardo Escobedo 0-0: Called Strike
0-1: Ground out 6-3 (Groundball, 6S)
Top of the 4th over - 0 run(s), 0 hit(s), 0 error(s), 0 left on base; Boston 1 - So Cal 2
BOTTOM OF THE 4TH
So Cal Henvy batting - Pitching for Boston Rebels : RHP Ki-tong Shiu
Batting: LHB Jeff Carter 0-0: Swinging Strike
0-1: Ball
1-1: Ball
2-1: Ball
3-1: Called Strike
3-2: Base on Balls
Batting: RHB Lawrence Schroeder 0-0: Ball
1-0: Called Strike
1-1: Ball
2-1: Swinging Strike
2-2: Ball
3-2: Foul Ball, location: 2F
3-2: Base on Balls
Jeff Carter to second
Batting: LHB Doyle Otterburn 0-0: Ball
1-0: Ball
2-0: Called Strike
2-1: Ball
3-1: Base on Balls
Jeff Carter to third
Lawrence Schroeder to second
Batting: RHB Greg Handrahan 0-0: Ball
1-0: Called Strike
1-1: Ball
2-1: Foul Ball, location: 2F
2-2: Grounds into double play, 6-4-3 (Groundball, 6)
Jeff Carter scores
Lawrence Schroeder to third
Batting: RHB William Richardson 0-0: Called Strike
0-1: Foul Ball, location: 2F
0-2: Ball
1-2: Ball
2-2: Foul Ball, location: 2F
2-2: Ball
3-2: Ground out 4-3 (Groundball, 4)
Bottom of the 4th over - 1 run(s), 0 hit(s), 0 error(s), 1 left on base; Boston 1 - So Cal 3
TOP OF THE 5TH
Boston Rebels batting - Pitching for So Cal Henvy : LHP Ramiro Jiménez
Batting: RHB Alberto Ramos 0-0: Called Strike
0-1: SINGLE (Groundball, 34D)
Batting: RHB Aaron Washington 0-0: Ball
1-0: Fly out, F7 (Flyball, 78M)
Batting: LHB Bill Wilson 0-0: Ball
1-0: Called Strike
1-1: Called Strike
1-2: Foul Ball, location: 2F
1-2: DOUBLE (Groundball, 3L)
Alberto Ramos to third
Batting: LHB Bill Wilson 0-0: Called Strike
0-1: Ball
1-1: Called Strike
1-2: Foul Ball, location: 2F
1-2: Strikes out looking
Batting: LHB Miguel Rivería 0-0: Called Strike
0-1: Foul Ball, location: 2F
0-2: Foul Ball, location: 2F
0-2: Strikes out swinging
Top of the 5th over - 0 run(s), 2 hit(s), 0 error(s), 2 left on base; Boston 1 - So Cal 3
BOTTOM OF THE 5TH
So Cal Henvy batting - Pitching for Boston Rebels : RHP Ki-tong Shiu
Batting: LHB César Valentín 0-0: Swinging Strike
0-1: Swinging Strike
0-2: Ball
1-2: Foul Ball, location: 2F
1-2: Ground out 6-3 (Groundball, 6)
Batting: RHB Earl Wiggins 0-0: Ball
1-0: SINGLE (Line Drive, 56D)
Batting: LHB José Antonio Santiago 0-0: Ball
1-0: Ball
2-0: Foul Ball, location: 2F
2-1: Foul Ball, location: 2F
2-2: Ball
3-2: Base on Balls
Earl Wiggins to second
Batting: RHB Rubén Calderón 0-0: Ball
1-0: SINGLE (Flyball, 78M)
Earl Wiggins to third
José Antonio Santiago to second
Batting: LHB Jeff Carter 0-0: Fielders Choice at 2nd, 4-6 (Groundball, 4M)
Earl Wiggins scores
José Antonio Santiago to third
Batting: RHB Lawrence Schroeder 0-0: Ball
1-0: Ball
2-0: Ball
3-0: Called Strike
3-1: Called Strike
3-2: Base on Balls
Jeff Carter to second
Batting: LHB Doyle Otterburn 0-0: Called Strike
0-1: Ball
1-1: Foul Ball, location: 2F
1-2: Ball
2-2: DOUBLE (Flyball, 7LM)
José Antonio Santiago scores
Jeff Carter scores
Lawrence Schroeder to third
Pitching: RHP Alfredo Ruíz
Batting: RHB Greg Handrahan 0-0: Called Strike
0-1: Foul Ball, location: 2F
0-2: Ball
1-2: Foul Ball, location: 2F
1-2: Foul Ball, location: 2F
1-2: SINGLE (Groundball, 6MD)
Lawrence Schroeder scores
Doyle Otterburn to third
Runner from 3rd tries for Home, SAFE, no throw
Batting: RHB William Richardson 0-0: Ball
1-0: Called Strike
1-1: Fielders Choice at 2nd, 4-6 (Groundball, 4)
Bottom of the 5th over - 5 run(s), 4 hit(s), 0 error(s), 0 left on base; Boston 1 - So Cal 8
TOP OF THE 6TH
Boston Rebels batting - Pitching for So Cal Henvy : LHP Ramiro Jiménez
Batting: RHB Pedro Rodríguez 0-0: Ball
1-0: Called Strike
1-1: Foul Ball, location: 2F
1-2: Ball
2-2: Ball
3-2: Strikes out looking
Batting: LHB Arturo Molina 0-0: Ball
1-0: Ground out 4-3 (Groundball, 4M)
Batting: LHB Sergio Barrón 0-0: Fly out, F9 (Flyball, 89S)
Top of the 6th over - 0 run(s), 0 hit(s), 0 error(s), 0 left on base; Boston 1 - So Cal 8
BOTTOM OF THE 6TH
So Cal Henvy batting - Pitching for Boston Rebels : RHP Alfredo Ruíz
Batting: LHB César Valentín 0-0: Ball
1-0: Foul Ball, location: 2F
1-1: Called Strike
1-2: Ball
2-2: Ball
3-2: SINGLE (Line Drive, 6MD)
Batting: RHB Earl Wiggins 0-0: Ball
1-0: Fly out, F9 (Flyball, 89M)
Batting: LHB José Antonio Santiago 0-0: Swinging Strike
0-1: Ball
1-1: Ball
2-1: Foul Ball, location: 2F
2-2: Grounds into double play, 4-6-3 (Groundball, 4)
Bottom of the 6th over - 0 run(s), 1 hit(s), 0 error(s), 0 left on base; Boston 1 - So Cal 8
TOP OF THE 7TH
Boston Rebels batting - Pitching for So Cal Henvy : LHP Ramiro Jiménez
Batting: RHB Gerardo Escobedo 0-0: Called Strike
0-1: Ball
1-1: Swinging Strike
1-2: Ball
2-2: Fly out, F8 (Flyball, 8RD)
Batting: RHB Alberto Ramos 0-0: Ball
1-0: SINGLE (Groundball, 34D)
Batting: RHB Aaron Washington 0-0: Ball
1-0: Called Strike
1-1: Swinging Strike
1-2: Ball
2-2: Grounds into double play, 4-6-3 (Groundball, 4)
Top of the 7th over - 0 run(s), 1 hit(s), 0 error(s), 0 left on base; Boston 1 - So Cal 8
BOTTOM OF THE 7TH
So Cal Henvy batting - Pitching for Boston Rebels : RHP Alfredo Ruíz
Batting: RHB Rubén Calderón 0-0: Foul Ball, location: 2F
0-1: Ball
1-1: Foul Ball, location: 2F
1-2: SINGLE (Line Drive, 7S)
Batting: LHB Jeff Carter 0-0: Grounds into double play, 4-6-3 (Groundball, 4)
Batting: RHB Lawrence Schroeder 0-0: Ground out 5-3 (Groundball, 56S)
Bottom of the 7th over - 0 run(s), 1 hit(s), 0 error(s), 0 left on base; Boston 1 - So Cal 8
TOP OF THE 8TH
Boston Rebels batting - Pitching for So Cal Henvy : LHP Ramiro Jiménez
Pitching: RHP Masahiko Okada
Now at 1B: Miguel González
Batting: LHB Bill Wilson 0-0: Ball
1-0: SINGLE (Groundball, 23) (infield hit)
Batting: LHB Bill Wilson 0-0: Ball
1-0: Grounds into double play, 5-4-3 (Groundball, 5)
Batting: LHB Miguel Rivería 0-0: Foul Ball, location: 2F
0-1: Swinging Strike
0-2: Ball
1-2: Ball
2-2: Fly out, F8 (Flyball, 89S)
Top of the 8th over - 0 run(s), 1 hit(s), 0 error(s), 0 left on base; Boston 1 - So Cal 8
BOTTOM OF THE 8TH
So Cal Henvy batting - Pitching for Boston Rebels : RHP Alfredo Ruíz
Batting: LHB Doyle Otterburn 0-0: Called Strike
0-1: Foul Ball, location: 2F
0-2: Ground out 3-1 (Groundball, 34)
Batting: RHB Greg Handrahan 0-0: Ball
1-0: DOUBLE (Line Drive, 7LM)
Batting: RHB William Richardson 0-0: Ball
1-0: Foul Ball, location: 2F
1-1: Foul Ball, location: 2F
1-2: Ball
2-2: Ball
3-2: Ground out 6-3 (Groundball, 6MS)
Greg Handrahan to third
Batting: LHB César Valentín 0-0: 2-RUN HOME RUN (Flyball, 9D), Distance : 358 ft
Batting: RHB Earl Wiggins 0-0: Called Strike
0-1: Called Strike
0-2: Single, Error in OF, E9, batter to second base
Batting: LHB José Antonio Santiago 0-0: Called Strike
0-1: Ball
1-1: Ball
2-1: Ball
3-1: Base on Balls
Batting: SHB Miguel González 0-0: Reached on error, E6 (Groundball, 6)
Earl Wiggins to third
José Antonio Santiago to second
Batting: LHB Jeff Carter 0-0: Ball
1-0: Ball
2-0: Called Strike
2-1: Foul Ball, location: 2F
2-2: Foul Ball, location: 2F
2-2: Foul Ball, location: 2F
2-2: Ball
3-2: Ground out 3-1 (Groundball, 34)
Bottom of the 8th over - 2 run(s), 3 hit(s), 2 error(s), 3 left on base; Boston 1 - So Cal 10
TOP OF THE 9TH
Boston Rebels batting - Pitching for So Cal Henvy : RHP Masahiko Okada
Batting: RHB Pedro Rodríguez 0-0: Called Strike
0-1: Foul Ball, location: 2F
0-2: Ball
1-2: Ball
2-2: Foul Ball, location: 2F
2-2: Ball
3-2: Foul Ball, location: 2F
3-2: Strikes out looking
Batting: LHB Arturo Molina 0-0: Ball
1-0: SOLO HOME RUN (Flyball, 89XD), Distance : 399 ft
Batting: LHB Sergio Barrón 0-0: Foul Ball, location: 2F
0-1: Fly out, F7 (Flyball, 7LD)
Batting: RHB Gerardo Escobedo 0-0: Ball
1-0: Ground out 6-3 (Groundball, 56)
Top of the 9th over - 1 run(s), 1 hit(s), 0 error(s), 0 left on base; Boston 2 - So Cal 10
Thursday, March 30th, 2017 - OOTP Baseball 17.12 Build 75